Map: Moonlight Madness LE (Void)

Players

뽀로로

  • Race: Protoss Protoss
  • League: Platinum

DestroyBoy - Winner!

  • Race: Terran Terran
  • League: Platinum

VOD

Have the link to the VOD?

Description

Time

  • Played on: Sept. 2, 2015, 2:52 a.m.
  • Length: 10:45
Show
View Real Time Build Order
Export as new Build Order

뽀로로 Protoss 

Build Orders: Oracle Opening 

Get SALT Encoding   

  12  0:02  Probe  
  13  0:14  Probe  
  13  0:18  Pylon  
  14  0:26  Probe  
  15  0:38  Gateway  
  15  0:41  Assimilator  
  16  0:42  Probe  
  16  0:48  Assimilator  
  16  0:55  Probe  
  17  1:07  Probe  
  18  1:19  Probe  
  18  1:25  Cybernetics Core  
  19  1:35  Probe  
  20  1:46  Pylon  
  20  1:47  Probe  
  21  1:54  Warp Gate  
  21  2:00  Probe  
  22  2:04  Stalker  
  22  2:05  Stargate  
  24  2:12  Probe  
  25  2:24  Probe  
  26  2:34  Stalker, Pylon  
  28  2:37  Probe  
  29  2:51  Oracle  
  32  3:10  Mothership Core  
  34  3:14  Nexus  
  34  3:24  Pylon  
  34  3:25  Stalker  
  36  3:33  Probe  
  34  3:52  Fleet Beacon  
  34  3:56  Probe  
  35  4:05  Gateway  
  35  4:08  Probe  
  34  4:13  Phoenix  
  36  4:20  Probe  
  37  4:24  Pylon  
  37  4:31  Probe  
  38  4:32  Probe  
  38  4:33  Stalker  
  41  4:43  Probe  
  42  4:47  Tempest  
  46  4:57  Probe  
  45  5:02  Probe  
  46  5:09  Probe  
  47  5:14  Probe  
  48  5:21  Probe  
  48  5:25  Assimilator  
  48  5:26  Probe  
  50  5:31  Tempest  
  50  5:33  Probe  
  55  5:38  Probe, Pylon  
  55  5:40  Assimilator  
  56  5:46  Probe  
  57  5:50  Probe  
  57  5:53  Zealot x2  
  54  5:58  Probe  
  50  6:06  Gateway  
  49  6:24  Void Ray  
  49  6:42  Nexus  
  49  7:36  Pylon  
  48  8:50  Nexus  
  48  8:53  Pylon  
  38  9:41  Pylon  
  38  9:45  Gateway  
  38  9:46  Gateway  
  38  9:57  Void Ray  
  36  10:00  Pylon  
  36  10:19  Nexus  
Show
View Real Time Build Order
Export as new Build Order

DestroyBoy Terran - Winner!

Build Orders: 1/1/1, Siege Tank Drop 

Get SALT Encoding   

  12  0:01  SCV  
  13  0:13  SCV  
  14  0:18  Supply Depot  
  14  0:25  SCV  
  15  0:31  Refinery  
  15  0:39  SCV  
  16  0:46  Barracks  
  16  0:52  SCV  
  17  1:04  SCV  
  18  1:17  SCV  
  19  1:29  SCV  
  20  1:38  Marine  
  21  1:42  SCV, Factory  
  21  1:44  Refinery  
  22  1:50  Supply Depot  
  22  1:54  SCV  
  23  2:11  SCV, Marine  
  25  2:24  SCV  
  25  2:27  Widow Mine  
  25  2:29  Starport  
  28  2:30  Marine  
  29  2:39  Orbital Command  
  29  2:42  Supply Depot  
  29  2:47  Marine  
  30  2:54  Bunker  
  30  2:56  Factory Tech Lab  
  30  3:06  Marine  
  31  3:19  Siege Tank, Medivac  
  36  3:24  Marine  
  37  3:34  SCV  
  37  3:37  Supply Depot  
  38  3:45  Bunker  
  38  3:48  SCV  
  37  3:56  Viking  
  37  3:59  Cyclone  
  42  4:15  SCV  
  42  4:16  Marine  
  44  4:22  Supply Depot  
  44  4:27  SCV  
  45  4:35  Marine  
  45  4:37  Cyclone  
  45  4:38  Viking  
  51  4:40  SCV  
  52  4:52  SCV  
  50  5:00  Marine  
  51  5:17  Command Center  
  51  5:22  Cyclone, Viking  
  56  5:40  SCV  
  57  5:42  Marine  
  58  6:03  SCV  
  59  6:20  SCV  
  58  6:40  Marine  
  58  6:41  Cyclone  
  61  6:57  Marine  
  62  7:15  Marine  
  59  7:31  Cyclone  
  59  7:33  Marine  
  63  7:43  Starport Reactor  
  63  7:55  SCV  
  63  7:58  Refinery x2  
  61  8:18  SCV  
  60  8:35  Starport  
  60  8:36  Command Center  
  60  8:47  Widow Mine, Marine  
  60  9:05  Marine  
  58  9:15  Widow Mine  
  60  9:22  Marine  
  56  9:44  Viking  
  57  9:45  Viking  
  57  9:46  SCV  
  60  10:01  Refinery  
  60  10:24  SCV  
  60  10:27  Refinery  
Tags
 
Add a new tag
Caveats
  • Supply blocks, unpowered buildings, or Contaminate may cause inaccurate times.
  • Supply counts are checked every 10 seconds.